 Dungeon Crawl Stone Soup version 0.25-a0-185-g6cfeca75b2 (webtiles) character file.

Game seed: 14319684568649393095, levelgen mode: deterministic

84 Leeroy the Conjurer (level 4, 0/49 HPs)
             Began as a Draconian Conjurer on Nov 28, 2019.
             Succumbed to a worker ant's poison
             ... on level 3 of the Dungeon.
             The game lasted 00:04:09 (3199 turns).

Leeroy the Conjurer (Draconian Conjurer)            Turns: 3199, Time: 00:04:10

Health: 0/49       AC: 22    Str: 10    XL:     4   Next: 24%
Magic:  1/7        EV:  2    Int: 22    God:
Gold:   109        SH:  0    Dex: 11    Spells: 4/7 levels left

rFire    . . .     SeeInvis .   k - +0 dagger
rCold    . . .     Gourm    .   (no shield)
rNeg     + + +     Faith    .   (armour unavailable)
rPois    +         Spirit   .   (helmet currently unavailable)
rElec    .         Reflect  .   (cloak currently unavailable)
rCorr    .         Harm     .   (gloves currently unavailable)
MR       .....     NoTele   +   (boots currently unavailable)
Stlth    ++........             (no amulet)
HPRegen  0.16/turn              (no ring)
MPRegen  0.10/turn              (no ring)

@: brilliant, lethally poisoned (0 -> -2), tree-form
A: unfitting armour, AC +5
a: no special abilities


You were on level 3 of the Dungeon.
You were not hungry.
You were a tree.
You visited 1 branch of the dungeon, and saw 3 of its levels.

You collected 109 gold pieces.

Inventory:

Hand Weapons
 k - a +0 dagger (weapon)
Missiles
 e - 70 stones (quivered)
Jewellery
 h - a +3 ring of intelligence {unknown}
 s - an uncursed ring of ice {unknown}
Wands
 m - a wand of acid (8)
Scrolls
 c - a scroll of remove curse {unknown}
 d - 3 scrolls of identify {unknown}
 f - a scroll of fog {unknown}
 i - a scroll of enchant armour {unknown}
 j - a scroll of magic mapping {unknown}
 l - 2 scrolls of enchant weapon {unknown}
Potions
 a - a potion of lignification
 n - a potion of magic {unknown}
 o - a potion of degeneration {unknown}
 p - a potion of heal wounds {unknown}
 q - a potion of berserk rage {unknown}
Comestibles
 b - 2 rations
 r - 3 chunks of flesh


   Skills:
 - Level 1.7 Dodging
 - Level 1.7 Stealth
 - Level 2.0 Spellcasting
 + Level 5.8 Conjurations


You had 4 spell levels left.
You knew the following spells:

 Your Spells              Type           Power        Failure   Level  Hunger
a - Magic Dart            Conj           ####         1%          1    #......
b - Searing Ray           Conj           #####.       1%          2    ##.....

Your spell library contained the following spells:

 Spells                   Type           Power        Failure   Level  Hunger
 Dazzling Spray           Conj/Hex       ####..       1%          3    ###....
 Iskenderun's Mystic Bla  Conj           #####...     1%          4    #####..
 Force Lance              Conj/Tloc      ####....     4%          4    #####..
 Fulminant Prism          Conj/Hex       ####......   4%          4    #####..


Dungeon Overview and Level Annotations

Branches:
Dungeon (3/15)

Altars:
Okawaru

Annotations:
D:2 1 runed translucent door, Crazy Yiuf


Innate Abilities, Weirdness & Mutations

((Your plain brown scales are hard. (AC +5)))
You cannot fit into any form of body armour.
((You are cold-blooded and may be slowed by cold attacks.))


Message History

The worker ant is severely wounded.
The worker ant closely misses you.
It was a potion of lignification.
You turn into a tree.
Your roots penetrate the ground.
The worker ant bites you but does no damage.
You hit the worker ant.
The worker ant is almost dead.
You feel sick. The worker ant barely misses you.
You hit the worker ant but do no damage.
The worker ant is almost dead.
The worker ant bites you but does no damage.
You hit the worker ant but do no damage.
The worker ant is almost dead.
The worker ant bites you.
* * * LOW HITPOINT WARNING * * *
The worker ant bites you.
* * * LOW HITPOINT WARNING * * *
It was a potion of brilliance.
You feel clever all of a sudden.
You die...

#.............# #.#
#
..#######...#.##.#
.# ..# #.###†#.###
#.# ..# ...#
#...#.( #.# .##
...######..#.##.#
#... .##
##....#)#.## #.###
###.....#l...# ..#
###...##..#a##...$.
.## #...####..♣##
### .# ##### #..##
## ####


You could see a worker ant and a frilled lizard.

Vanquished Creatures
  2 adders (D:2)
  A worm (D:2)
  2 dart slugs
  3 leopard geckos
  An orc (D:3)
  5 bats
  5 giant cockroaches
  4 goblins
  8 hobgoblins
  3 jackals (D:1)
  2 ball pythons
  3 frilled lizards
  6 kobolds
  4 rats
49 creatures vanquished.

Notes
Turn   | Place    | Note
-------+----------+-------------------------------------------
     0 | D:1      | Leeroy the Draconian Conjurer began the quest for the Orb.
     0 | D:1      | Reached XP level 1. HP: 14/14 MP: 3/3
   618 | D:1      | Reached XP level 2. HP: 11/20 MP: 1/5
   622 | D:1      | Learned a level 2 spell: Searing Ray
  1861 | D:2      | Reached skill level 5 in Conjurations
  1861 | D:2      | Reached XP level 3. HP: 20/26 MP: 3/6
  2098 | D:2      | Found an iron altar of Okawaru.
  2136 | D:2      | Found a runed translucent door.
  2137 | D:2      | Noticed Crazy Yiuf
  2779 | D:2      | Reached XP level 4. HP: 27/33 MP: 7/7
  3198 | D:3      | HP: 2/49 [worker ant (2)]
  3199 | D:3      | Succumbed to a worker ant's poison

Levels and vault maps discovered:
D:1:      shiori_arrival_elements, layout_basic
D:2:      layout_rooms, okawaru_gym_becter, uniq_crazy_yiuf_cottage
D:3:      layout_rooms, first_ration, minmay_misc_feat_room, minmay_cut_off

Skill      XL: |  1  2 |
---------------+-------+-----
Conjurations   | 5 |  5.8
Dodging        | |  1.7
Stealth        | |  1.7
Spellcasting   | |  2.0

Action                   |  1- 3 |  4- 6 || total
-------------------------+-------+-------++-------
Melee: Unarmed           |    84 |       ||    84
       Tailslap          |    14 |     4 ||    18
       Dagger            |    90 |    64 ||   154
 Cast: Magic Dart        |    10 |       ||    10
       Searing Ray       |     5 |     2 ||     7
  Use: Potion            |       |     2 ||     2
 Stab: Sleeping          |     7 |     2 ||     9
  Eat: Chunk             |     6 |     2 ||     8
Armor: Skin              |    53 |    19 ||    72
Dodge: Dodged            |   125 |    51 ||   176

Table legend:
 A = Non-vault XP
 B = Vault XP
 C = Vault XP percentage of total XP
 D = Non-vault monster count
 E = Vault monster count
 F = Vault count percentage of total count
                 A         B        C        D         E       F
            +---------+---------+-------+---------+---------+-------
      Total |     117 |       4 |   3.3 |      47 |       2 |   4.1
            +---------+---------+-------+---------+---------+-------
        D:1 |      36 |       0 |   0.0 |      20 |       0 |   0.0
        D:2 |      66 |       0 |   0.0 |      20 |       0 |   0.0
        D:3 |      15 |       4 |  21.1 |       7 |       2 |  22.2
            +---------+---------+-------+---------+---------+-------
